Construct Section Command Post
Selects Air and Sea Battlegroup
Selects Commando Section Paradrop
Selects Commando Support Section Paradrop
Construct Platoon Command Post
Commando Section Paradrop
Construct Field Infirmary
Commando Section Paradrop
Construct Field Infirmary
Construct Company Command Post
Selects Incendiary Bombing Run
Commando Support Section Paradrop
6-pounder Anti-tank Gun Team
Unlock Towed 17-pounder Anti-tank Guns
Commando Support Section Paradrop